 Dungeon Crawl Stone Soup version 0.26-b1-45-g23770d1d51 (webtiles) character file.

Game seed: 12176963946063729462

9751 EnegeticOcto the Cleaver (level 11, -1/148 HPs)
             Began as a Minotaur Fighter on Jan 6, 2021.
             Was an Initiate of Gozag.
             Slain by Snorg (11 damage)
             ... on level 11 of the Dungeon.
             The game lasted 00:05:40 (9373 turns).

EnegeticOcto the Cleaver (Minotaur Fighter)         Turns: 9373, Time: 00:05:41

Health: -1/148     AC: 25    Str: 29    XL:     11   Next: 27%
Magic:  10/10      EV: 11    Int:  5    God:    Gozag
Gold:   1677       SH: 13    Dex: 11    Spells: 10/10 levels left

rFire    . . .     SeeInvis .   a - +0 broad axe
rCold    . . .     Faith    .   c - +0 kite shield
rNeg     . . .     Spirit   .   k - +0 plate armour
rPois    .         Reflect  .   t - +2 hat {Will+}
rElec    .         Harm     .   q - +2 cloak
rCorr    .         Rampage  .   y - +2 pair of gloves
Will     +....                  u - +0 pair of boots
Stlth    ..........             C - amulet of regeneration
HPRegen  0.74/turn              m - +6 ring of strength (curse)
MPRegen  0.12/turn              o - +4 ring of evasion

@: berserking, gold aura, very quick
A: retaliatory headbutt, horns 2
a: Renounce Religion, Potion Petition, Call Merchant, Bribe Branch


You were on level 11 of the Dungeon.
You worshipped Gozag.
Gozag was most pleased with you.
You visited 2 branches of the dungeon, and saw 12 of its levels.
You also visited: Ossuary.

You collected 1750 gold pieces.
You paid 73 gold pieces to Gozag.

Inventory:

Hand Weapons
 a - a +0 broad axe (weapon)
 B - a +3 war axe
Missiles
 h - a throwing net (quivered)
Armour
 c - a +0 kite shield (worn)
 k - a +0 plate armour (worn)
 q - a +2 cloak (worn)
 t - a +2 hat of willpower (worn)
 u - a +0 pair of boots (worn)
 y - a +2 pair of gloves (worn)
Jewellery
 g - an uncursed ring of see invisible
 m - a cursed +6 ring of strength (left hand)
 o - a +4 ring of evasion (right hand)
 C - an amulet of regeneration (around neck)
Wands
 n - a wand of digging (10) {@v3}
 E - a wand of enslavement (9)
 J - a wand of acid (6) {@v1}
Scrolls
 r - 2 scrolls of fog
 s - 2 scrolls of enchant weapon
 A - 4 scrolls of magic mapping {@r5}
 D - a scroll of remove curse {@r2}
 G - a scroll of teleportation {@r3}
Potions
 b - 2 potions of invisibility
 d - a potion of might {@q3}
 e - a potion of resistance {@q5}
 f - 5 potions of flight
 i - a potion of haste {@q4}
 j - 4 potions of mutation
 l - a potion of brilliance {unknown}
 p - 6 potions of curing {@q1}
 v - 3 potions of berserk rage
 w - a potion of ambrosia
 x - a potion of magic
 z - 2 potions of attraction
 F - 5 potions of heal wounds {unknown}


   Skills:
 + Level 10.1 Fighting
 * Level 13.1 Axes
 + Level 10.2 Armour
 + Level 10.2 Shields


You had 10 spell levels left.
You didn't know any spells.
Your spell library was empty.

Dungeon Overview and Level Annotations

Branches:
Dungeon (11/15)            Temple (1/1) D:5            Lair (0/6) D:9
Ossuary (visited)
    Orc: D:9-12

Altars:
Ashenzari
Gozag
Makhleb
Nemelex Xobeh
Okawaru
Sif Muna
Trog
Uskayaw

Shops:
D:10 *

Annotations:
D:11 Snorg


Innate Abilities, Weirdness & Mutations

You reflexively headbutt those who attack you in melee.
You have a pair of horns on your head.


Message History

The gargoyle is heavily damaged.
You slash the fire dragon! The fire dragon barely misses you.
The fire dragon claws you but does no damage.
The fire dragon tramples you but does no damage.
A yak comes into view.
You block the gargoyle's attack.
The yak bellows!
You slice the gargoyle!!
You destroy the gargoyle!
You slice the fire dragon!! The fire dragon completely misses you.
The fire dragon claws you but does no damage.
You block the fire dragon's attack.
A yak comes into view.
Your Axes skill increases to level 13!
You hit the fire dragon. Your headbutt misses the fire dragon.
The fire dragon is heavily wounded.
You slash Snorg!
The fire dragon bites you but does no damage.
The fire dragon claws you! You block the fire dragon's attack.
The yak becomes distracted by the nearby gold, dreaming of imaginary riches.
Snorg closely misses you. Snorg barely misses you. You block Snorg's attack.
The yak bellows!
You slash the fire dragon!
The fire dragon is severely wounded.
You barely miss Snorg. You block the fire dragon's attack.
The fire dragon claws you but does no damage.
You block the fire dragon's attack. You block Snorg's attack.
Snorg claws you but does no damage. x2
You hit the fire dragon but do no damage.
The fire dragon is severely wounded.
You slash Snorg!
The fire dragon bites you but does no damage.
The fire dragon barely misses you.
The fire dragon tramples you but does no damage.
Snorg bites you but does no damage. Snorg misses you. You block Snorg's attack.
You closely miss the fire dragon.
The fire dragon is severely wounded.
You slash Snorg! The fire dragon breathes flames at you.
The blast of flame hits you!!!
The yak snorts and paws the ground.
Snorg goes berserk!
The fire dragon barely misses you. You furiously retaliate!
You headbutt the fire dragon, but do no damage.
The fire dragon claws you but does no damage.
The fire dragon tramples you but does no damage.
You hear an angry hiss.
You slice the fire dragon!! You headbutt the fire dragon.
The fire dragon is almost dead.
You barely miss Snorg.
The yak is no longer distracted by gold.
You block Snorg's attack. Snorg closely misses you. Snorg claws you.
The fire dragon completely misses you.
The fire dragon claws you but does no damage.
The fire dragon barely misses you. Snorg bites you!! Snorg misses you.
Snorg claws you but does no damage.
The fire dragon becomes distracted by the nearby gold, dreaming of imaginary riches.
The fire dragon roars deafeningly!
Evoke which item? (* to show all) (? for menu, Esc to quit)
Aiming: Corrosive Bolt
Press: ? - help, Shift-Dir - straight line, f - Snorg
Aim: Snorg (moderately wounded, berserk, 29% to evade)
The bolt of acid hits Snorg!
Snorg is splashed with acid.
The acid corrodes Snorg!
Snorg is heavily wounded.
The bolt of acid hits the fire dragon!
The fire dragon is splashed with acid.
The acid corrodes the fire dragon!
You kill the fire dragon!
The bolt of acid hits the yak!
The yak is splashed with acid!
The yak is moderately wounded.
The bolt of acid hits the yak.
The yak is splashed with acid.
The yak is moderately wounded.
Snorg bites you but does no damage. Snorg claws you but does no damage. x2
Okay, then.
Okay, then.
A red film seems to cover your vision as you go berserk!
You feel yourself moving faster!
You feel mighty! Snorg closely misses you. Snorg claws you!
* * * LOW HITPOINT WARNING * * *
Snorg claws you!
* * * LOW HITPOINT WARNING * * *
The yak becomes distracted by the nearby gold, dreaming of imaginary riches.
Snorg becomes distracted by the nearby gold, dreaming of imaginary riches.
The yak bellows!
Snorg shouts!
You slash Snorg!
Snorg is no longer distracted by gold.
Your headbutt misses Snorg.
Snorg is heavily wounded.
Snorg misses you. You furiously retaliate!
You headbutt Snorg! Snorg claws you but does no damage. x2
You closely miss Snorg.
Snorg is heavily wounded.
Snorg closely misses you. Snorg claws you but does no damage.
You block Snorg's attack.
You hit Snorg.
Snorg is heavily wounded.
Snorg bites you!!
* * * LOW HITPOINT WARNING * * *
You block Snorg's attack. Snorg claws you!
You die...
Your body crumbles into a pile of gold.

#.....# .# #.....#
.# #.....## .#
#......# .#
######.##.# ##..#.#
#<....# ##
#####..#####..####
.........@TYYY...$.
$
....###.###$###.###
... #.. ..#Y....#
.. ....#.#.###!# .
#....#.#..)..#
#....#.#.###.#
#......#..Y..# #..
..###.###


You could see Snorg (berserk, corroded) and 4 yaks.

Vanquished Creatures
  Gastronok (D:8)
  A fire dragon (D:11)
  A hydra (D:11)
  An unseen horror (D:10)
  A centaur zombie (D:11)
  A gargoyle (D:11)
  Maggie (D:6)
  A troll (D:10)
  Sigmund (D:2)
  3 yaks (D:11)
  A wraith (D:10)
  A steam dragon (D:9)
  A water moccasin (D:9)
  4 orc warriors
  A phantom (D:6)
  A black bear (D:5)
  An ice beast (D:6)
  2 sky beasts
  2 ogres (D:8)
  3 centaurs
  2 big kobolds
  Blork the orc (D:6)
  A bullfrog (D:6)
  4 water moccasin zombies (Ossuary)
  4 scorpions
  11 wights
  4 howler monkeys
  2 bullfrog zombies
  A quasit (D:11)
  8 orc wizards
  4 orc priests
  A bullfrog skeleton (D:9)
  3 centaur skeletons
  6 hounds
  Crazy Yiuf (D:2)
  Ijyb (D:3)
  Jessica (D:2)
  4 worker ants
  3 big kobold zombies (Ossuary)
  2 mummies (Ossuary)
  5 gnolls
  8 adders
  2 shadow imps
  3 white imps
  2 ufetubi
  2 oozes
  5 adder zombies (Ossuary)
  2 adder skeletons (D:5)
  2 worms
  3 dart slugs
  6 leopard geckos
  33 orcs
  A ball python (D:3)
  4 giant cockroaches
  4 gnoll zombies (Ossuary)
  12 goblins
  2 hobgoblins
  3 quokkas
  6 bats
  6 frilled lizards
  8 hobgoblin zombies (Ossuary)
  14 kobolds
  4 kobold zombies (Ossuary)
  6 orc zombies (Ossuary)
  2 quokka skeletons
  9 rats
247 creatures vanquished.

Notes
Turn   | Place    | Note
-------+----------+-------------------------------------------
     0 | D:1      | EnegeticOcto the Minotaur Fighter began the quest for the
                  | Orb.
     0 | D:1      | Reached XP level 1. HP: 19/19 MP: 0/0
   126 | D:1      | Reached skill level 3 in Axes
   126 | D:1      | Reached XP level 2. HP: 27/27 MP: 1/1
   372 | D:1      | Reached XP level 3. HP: 33/33 MP: 2/2
  1235 | D:2      | Noticed Sigmund
  1249 | D:2      | Killed Sigmund
  1250 | D:2      | Reached skill level 4 in Axes
  1250 | D:2      | Reached XP level 4. HP: 26/41 MP: 3/3
  1250 | D:2      | Reached XP level 5. HP: 30/47 MP: 4/4
  1426 | D:2      | Found a faded altar of an unknown god.
  1466 | D:2      | Noticed Jessica
  1469 | D:2      | Killed Jessica
  1470 | D:2      | Reached skill level 5 in Axes
  1475 | D:2      | Found a runed translucent door.
  1476 | D:2      | Noticed Crazy Yiuf
  1827 | D:2      | Killed Crazy Yiuf
  1828 | D:2      | Reached XP level 6. HP: 52/55 MP: 5/5
  2055 | D:3      | Reached skill level 5 in Shields
  2077 | D:3      | Reached skill level 5 in Armour
  2085 | D:3      | Reached skill level 5 in Fighting
  2309 | D:3      | Noticed Ijyb
  2322 | D:3      | Killed Ijyb
  2829 | D:4      | Reached skill level 6 in Axes
  2889 | D:4      | Reached XP level 7. HP: 53/61 MP: 6/6
  3307 | D:5      | Entered Level 5 of the Dungeon
  3795 | D:5      | Found a staircase to the Ecumenical Temple.
  3875 | D:5      | Reached skill level 7 in Axes
  4159 | Temple   | Entered the Ecumenical Temple
  4193 | Temple   | Became a worshipper of Gozag Ym Sagoz the Greedy
  4332 | D:6      | Reached XP level 8. HP: 49/70 MP: 7/7
  4548 | D:6      | Noticed Maggie
  4560 | D:6      | Killed Maggie
  4561 | D:6      | Reached skill level 8 in Axes
  4807 | D:6      | Reached skill level 9 in Axes
  4871 | D:6      | Noticed Blork the orc
  4875 | D:6      | Killed Blork the orc
  4877 | D:6      | Reached XP level 9. HP: 73/79 MP: 8/8
  5505 | D:7      | Found a sand-covered staircase.
  5510 | Ossuary  | Entered an ossuary
  5708 | D:7      | Reached skill level 10 in Axes
  6888 | D:8      | Noticed Gastronok
  6908 | D:8      | Killed Gastronok
  6909 | D:8      | Reached skill level 11 in Axes
  6909 | D:8      | Reached XP level 10. HP: 35/90 MP: 9/9
  7558 | D:9      | Found a staircase to the Lair.
  8368 | D:9      | Reached skill level 12 in Axes
  8430 | D:9      | Found a sparkling altar of Nemelex Xobeh.
  8435 | D:9      | Found a burning altar of Makhleb.
  8437 | D:9      | Found a hide-covered altar of Uskayaw.
  8441 | D:9      | Found a shimmering blue altar of Sif Muna.
  8564 | D:10     | Entered Level 10 of the Dungeon
  8705 | D:10     | Killed an unseen horror
  8960 | D:10     | Found Ymuhoco's General Store.
  9176 | D:11     | Noticed a seven-headed hydra
  9195 | D:11     | Killed an 11-headed hydra
  9196 | D:11     | Reached skill level 10 in Armour
  9196 | D:11     | Reached XP level 11. HP: 33/99 MP: 10/10
  9345 | D:11     | Noticed a fire dragon
  9350 | D:11     | Noticed Snorg
  9353 | D:11     | Reached skill level 10 in Fighting
  9353 | D:11     | Reached skill level 10 in Shields
  9363 | D:11     | Reached skill level 13 in Axes
  9369 | D:11     | Killed a fire dragon
  9373 | D:11     | Slain by Snorg

Illustrated notes

Levels and vault maps discovered:
D:1:      eino_arrival_tree_alley, layout_loops_corners, moated_statue,
          minmay_misc_feat_chi, chequers_serial_rivers_small_b
D:2:      layout_loops_corners, chequers_ecumenical_altar_simple_redux,
          uniq_sigmund, uniq_crazy_yiuf_cottage, uniq_jessica
D:3:      layout_basic, st_stairs_6, uniq_ijyb
D:4:      layout_gridville
D:5:      layout_loops_ring, temple_doors_e
D:6:      hangedman_cross_stitches, layout_gridville, uniq_maggie,
          uniq_blork_the_orc
D:7:      layout_basic, enter_ossuary_5
D:8:      layout_basic, moated_statue, uniq_gastronok
D:9:      layout_gridville, minitemple, lair_entry_dummy,
          grunt_decor_mini_mirrors, kennysheep_generic_room_14
D:10:     layout_irregular_city, serial_shops, kennysheep_mini_moat
D:11:     layout_basic, grunt_decor_fettered, minmay_checkerbox, uniq_snorg
Temple:   dpeg_five_rooms_temple

Skill      XL: |  1  2  3  4  5  6  7  8  9 10 11 |
---------------+----------------------------------+-----
Axes           | 3 4 5 6 7 9 11 12 13 | 13.1
Armour         | 4 5 6 7 9 10 | 10.2
Shields        | 4 5 6 7 8 9 10 | 10.2
Fighting       | 4 5 6 7 8 9 10 | 10.1

Action                   |  1- 3 |  4- 6 |  7- 9 | 10-12 || total
-------------------------+-------+-------+-------+-------++-------
Melee: War axe           |    87 |    81 |   235 |       ||   403
       Headbutt          |    13 |    12 |    60 |    41 ||   126
       Broad axe         |       |       |    62 |   174 ||   236
Evoke: Wand              |       |       |       |     3 ||     3
  Use: Scroll            |       |    12 |    14 |     2 ||    28
       Potion            |       |       |       |     1 ||     1
 Stab: Distracted        |       |       |     2 |     2 ||     4
Armor: Scale mail        |    41 |     8 |       |       ||    49
       Chain mail        |       |    22 |    88 |       ||   110
       Plate armour      |       |       |    12 |   133 ||   145
Dodge: Dodged            |    23 |    36 |    71 |    76 ||   206
Block: Kite shield       |    33 |    41 |   110 |   118 ||   302
